AoeStats
← Dremora

Arena

510419680Analyzed
4v4 RM · 2d ago on Sep 30, 2026· 55m 8s· 8 players
Game mode
Random Map
Map size
Large (8 player)
Population
200
Speed
Normal
Resources
Standard
Victory
Conquest
Starting age
Dark Age
Ending age
Imperial Age
RankedLock teamsTeams togetherTeam positionsShared explorationLock speedFull tech treeHidden civsTurbo modeCheats
Victory
Defeat
🇩🇪 Turks · Germany
1297
+3
🇦🇷 Spanish · Argentina
947
+13
🇩🇪 Ethiopians · Germany
863
+16
🇩🇪 Danes · Germany
511
+27
🇺🇸 Saracens · United States
913
-16
🇺🇸 Saxons · United States
896
-16
🇲🇽 Japanese · Mexico
862
-14
🇨🇱 Burgundians · Chile
843
-13
CuddlingPenguin
12:30 Feudal Age
15:59 Castle Age
14:13 Horse Collar
14:19 Double-Bit Axe
17:38 Bow Saw
25:16 Ballistics
25:23 Gold Mining
26:52 Fletching
27:03 Padded Archer Armor
28:41 Gold Shaft Mining
31:18 Imperial Age
29:25 Wheelbarrow
28:40 Loom
28:45 Town Watch
29:02 Heavy Plow
29:52 Stone Mining
29:31 Crossbowman
30:17 Thumb Ring
30:41 Bodkin Arrow
31:02 Leather Archer Armor
30:50 Scale Mail Armor
31:01 Forging
31:02 Clerical Recruitment
31:34 Arbalester
33:54 Bracer
34:25 Ring Archer Armor
34:11 Chain Mail Armor
34:32 Iron Casting
34:38 Conscription
33:38 Shield Wall
33:43 Pikeman
34:23 Squires
34:30 Elite Skirmisher
35:02 Elite Hearth Troop
36:18 Hoardings
35:30 Onager
41:59 Chemistry
41:37 Plate Mail Armor
50:29 Fortified Wall
donoban.ramirez
0:59 Loom
11:01 Feudal Age
15:54 Castle Age
14:46 Stone Mining
15:55 Double-Bit Axe
16:45 Horse Collar
18:15 Bow Saw
23:05 Fletching
24:19 Gold Mining
25:55 Heavy Plow
30:01 Scale Barding Armor
30:43 Forging
30:54 Scale Mail Armor
30:56 Bodkin Arrow
32:40 Wheelbarrow
33:49 Iron Casting
33:42 Chain Barding Armor
33:31 Town Watch
34:07 Hand Cart
38:00 Imperial Age
34:55 Elite Skirmisher
35:37 Padded Archer Armor
35:29 Crossbowman
36:46 Town Patrol
39:14 Ballistics
39:32 Bracer
40:31 Thumb Ring
40:43 Leather Archer Armor
42:17 Ring Archer Armor
VicRoldanG
0:36 Loom
10:36 Feudal Age
12:47 Double-Bit Axe
15:56 Castle Age
14:32 Horse Collar
23:00 Wheelbarrow
23:28 Bow Saw
23:48 Heavy Plow
24:44 Hand Cart
24:39 Gold Mining
24:46 Stone Mining
24:56 Town Watch
25:32 Fletching
27:45 Bodkin Arrow
32:04 Imperial Age
29:55 Padded Archer Armor
30:19 Town Patrol
35:56 Parthian Tactics
36:01 Conscription
36:33 Bracer
37:49 Two-Man Saw
36:49 Pikeman
37:30 Squires
37:15 Arson
38:04 Scale Mail Armor
38:14 Forging
37:35 Halberdier
39:07 Chain Mail Armor
40:20 Heavy Cavalry Archer
41:48 Coinage
41:20 Caravan
43:59 Chemistry
42:40 Treadmill Crane
43:21 Ballistics
44:22 Gambesons
45:10 Plate Mail Armor
44:57 Devotion
46:11 Leather Archer Armor
46:32 Iron Casting
Dremora
6:11 Loom
11:23 Feudal Age
11:21 Double-Bit Axe
11:19 Horse Collar
12:15 Bow Saw
12:08 Heavy Plow
16:51 Fletching
22:17 Castle Age
21:01 Stone Mining
21:04 Gold Mining
21:26 Padded Archer Armor
23:11 Caravan
22:39 Crossbowman
24:08 Bodkin Arrow
24:57 Wheelbarrow
24:07 Town Watch
25:31 Stone Shaft Mining
25:33 Gold Shaft Mining
25:13 Cavalier
25:54 Husbandry
27:16 Hand Cart
27:38 Forging
35:02 Imperial Age
32:46 Elite Skirmisher
33:56 Ballistics
33:47 Fortified Wall
33:19 Treadmill Crane
35:29 Two-Man Saw
38:27 Chemistry
37:39 Masonry
39:55 Hoardings
41:10 Burgundian Vineyards
41:26 Conscription
41:21 Town Patrol
41:52 Crop Rotation
42:59 Bracer
43:15 Leather Archer Armor
42:56 Paladin
43:18 Elite Coustillier
46:11 Iron Casting
45:42 Scale Barding Armor
metro86
3:21 Loom
11:16 Feudal Age
17:31 Castle Age
16:04 Double-Bit Axe
16:44 Horse Collar
17:45 Wheelbarrow
18:42 Heavy Plow
27:10 Forging
28:06 Bow Saw
28:53 Wheelbarrow
30:37 Iron Casting
30:02 Scale Mail Armor
30:28 Hand Cart
33:02 Chain Mail Armor
37:07 Imperial Age
34:49 Hamask
36:05 Town Watch
36:41 Gambesons
36:59 Squires
36:47 Arson
37:27 Fletching
37:38 Padded Archer Armor
37:43 Scale Barding Armor
37:04 Pikeman
37:06 Man-at-Arms
37:12 Elite Varangian Guard
37:39 Elite Jomsviking
40:03 Blast Furnace
39:34 Plate Mail Armor
42:08 Bodkin Arrow
42:29 Leather Archer Armor
42:20 Caravan
42:24 Northmen's Fury
44:25 Chemistry
44:34 Conscription
45:03 Ballistics
44:49 Siege Engineers
45:19 Coinage
Kassiber
12:20 Feudal Age
15:57 Castle Age
14:40 Horse Collar
14:48 Double-Bit Axe
17:06 Wheelbarrow
17:25 Heavy Plow
17:38 Bow Saw
20:04 Hand Cart
25:57 Fortified Wall
25:48 Gold Mining
27:16 Gold Shaft Mining
31:18 Imperial Age
28:35 Crossbowman
29:38 Ballistics
29:14 Murder Holes
29:25 Squires
29:18 Fletching
30:06 Stone Mining
30:39 Bodkin Arrow
30:55 Forging
31:58 Thumb Ring
31:16 Elite Skirmisher
31:22 Halberdier
32:15 Masonry
33:08 Chemistry
31:36 Arbalester
34:06 Two-Man Saw
33:54 Careening
33:58 Masonry
33:52 Bracer
34:28 Iron Casting
34:56 Conscription
35:52 Torsion Engines
36:06 Light Cavalry
36:59 Hussar
37:40 Husbandry
39:04 Blast Furnace
38:05 Scale Mail Armor
38:05 Padded Archer Armor
38:09 Elite Shotel Warrior
40:56 Chain Mail Armor
41:32 Leather Archer Armor
41:57 Arson
49:45 Guard Tower
49:46 Heated Shot
50:04 Cavalier
51:16 Plate Mail Armor
51:17 Ring Archer Armor
50:53 Scale Barding Armor
53:18 Royal Heirs
crepysa
6:27 Loom
6:34 Loom
9:43 Feudal Age
10:13 Double-Bit Axe
10:08 Horse Collar
16:46 Castle Age
15:44 Fletching
16:04 Scale Barding Armor
16:24 Town Watch
17:28 Wheelbarrow
18:54 Bow Saw
22:02 Hand Cart
22:06 Fervor
22:51 Sanctity
24:43 Redemption
29:54 Chain Barding Armor
29:46 Forging
29:34 Murder Holes
30:01 Ballistics
30:25 Bloodlines
30:16 Husbandry
30:37 Inquisition
33:46 Imperial Age
31:57 Bodkin Arrow
32:03 Town Patrol
32:09 Padded Archer Armor
33:15 Iron Casting
32:54 Fortified Wall
32:57 Masonry
32:21 Light Cavalry
33:28 Guard Tower
35:26 Chemistry
33:49 Cavalier
33:50 Hussar
34:55 Conscription
35:20 Theocracy
35:01 Block Printing
35:12 Illumination
35:56 Plate Barding Armor
35:57 Architecture
38:25 Blast Furnace
38:09 Paladin
44:22 Supremacy
48:37 Keep
51:51 Arrowslits
52:32 Bombard Tower
52:38 Bracer
54:37 Hoardings
lumpensammler666
10:33 Feudal Age
14:10 Castle Age
12:23 Double-Bit Axe
12:47 Horse Collar
15:32 Bow Saw
15:30 Heavy Plow
16:42 Loom
20:34 Wheelbarrow
22:33 Stone Mining
22:33 Gold Mining
24:04 Hand Cart
25:36 Gold Shaft Mining
27:04 Fletching
27:22 Thumb Ring
29:51 Imperial Age
27:35 Padded Archer Armor
28:01 Bodkin Arrow
28:42 Bloodlines
28:32 Husbandry
29:00 Leather Archer Armor
30:08 Ballistics
29:59 Masonry
30:36 Sipahi
30:44 Bracer
30:07 Heavy Cavalry Archer
31:17 Parthian Tactics
33:10 Ring Archer Armor
33:02 Bombard Tower
33:13 Architecture
33:47 Murder Holes
33:32 Treadmill Crane
36:05 Artillery
36:25 Conscription
37:47 Arrowslits
40:58 Scale Barding Armor
41:04 Forging
42:20 Chain Barding Armor
43:22 Iron Casting
44:41 Plate Barding Armor
46:20 Blast Furnace
45:06 Heavy Camel Rider
Connection lost

Rejoining the realm…

Still unreachable

The connection could not be restored.

Session expired

The server has moved on; the page needs a fresh start.